 Dungeon Crawl Stone Soup version 0.28.0-62-gf88900778d (webtiles) character file.

Game seed: 8110599258837959751

1333 cbfl8 the Cleaver (level 8, -1/71 HPs)
             Began as a Minotaur Berserker on Sept 29, 2023.
             Was a Priest of Trog.
             Killed from afar by a gnoll sergeant (3 damage)
             ... with a puff of flame
             ... on level 5 of the Dungeon.
             The game lasted 00:05:18 (5287 turns).

cbfl8 the Cleaver (Minotaur Berserker)              Turns: 5287, Time: 00:05:18

Health: -1/71      AC: 16    Str: 22    XL:     8   Next: 34%
Magic:  16/16      EV:  7    Int:  4    God:    Trog [***...]
Gold:   211        SH:  0    Dex: 12    Spells: 7/7 levels left

rFire   . . .      SeeInvis .   i - +1 hand axe (freeze)
rCold   . . .      Faith    .   (no shield)
rNeg    . . .      Spirit   .   h - +0 plate armour
rPois   +          Reflect  .   (helmet restricted)
rElec   .          Harm     .   m - +0 cloak
rCorr   .          Rampage  .   o - +1 pair of gloves
Will    .....                   (no boots)
Stlth   ..........              (no amulet)
HPRegen 0.21/turn               e - ring of magical power
MPRegen 0.15/turn               a - ring of poison resistance

@: mighty, lethally poisoned (-1 -> -8), attractive, flying
A: horns 2, retaliatory headbutt
a: Renounce Religion, Berserk, Trog's Hand


You were on level 5 of the Dungeon.
You worshipped Trog.
Trog was most pleased with you.
You visited 1 branch of the dungeon, and saw 5 of its levels.

You collected 211 gold pieces.

Inventory:

Hand Weapons
 i - a +1 hand axe of freezing (weapon)
Missiles
 b - 2 throwing nets (quivered)
Armour
 h - a +0 plate armour (worn)
 m - a +0 cloak (worn)
 o - a +1 pair of gloves (worn)
Jewellery
 a - a ring of poison resistance (right hand)
 e - a ring of magical power (left hand)
Wands
 f - a wand of flame (45)
Scrolls
 c - 3 scrolls of enchant armour
 j - 2 scrolls of magic mapping
 p - a scroll of fog
 q - a scroll of enchant weapon
 r - 2 scrolls of holy word
Potions
 d - a potion of flight
 l - a potion of attraction
 n - a potion of mutation {unknown}
 s - a potion of heal wounds {unknown}


   Skills:
 + Level 6.4 Fighting
 + Level 8.6 Axes
 + Level 5.9 Armour
 - Level 2.1 Dodging
 * Level 4.0 Evocations


You had 7 spell levels left.
You didn't know any spells.
Your spell library was empty.

Dungeon Overview and Level Annotations

Branches:
Dungeon (5/15)
 Temple: D:4-7

Altars:
Hepliaklqana
Wu Jian

Shops:
D:5 (


Innate Abilities, Weirdness & Mutations

You have a pair of horns on your head.
You reflexively headbutt those who attack you in melee.


Message History

You headbutt the gnoll sergeant.
The gnoll sergeant is almost dead.
You feel sick.
The gnoll sergeant hits you with a +1 spear of venom!
You are more poisoned.
Unknown command.
You hit the gnoll sergeant but do no damage.
You headbutt the gnoll sergeant.
The gnoll sergeant is almost dead.
You feel very sick.
Unknown command.
The gnoll sergeant blocks your attack.
The gnoll sergeant is almost dead.
You feel very sick.
The gnoll sergeant hits you with a +1 spear of venom.
The gnoll sergeant blocks your attack.
Your headbutt misses the gnoll sergeant.
The gnoll sergeant is almost dead.
You feel very sick.
The gnoll sergeant hits you with a +1 spear of venom!
* * * LOW HITPOINT WARNING * * *
Unknown command.
It was a potion of flight.
You feel very buoyant.
You fly up into the air.
* * * LOW HITPOINT WARNING * * *
You feel very sick.
The gnoll sergeant completely misses you.
It was a potion of attraction.
You feel attractive to monsters.
* * * LOW HITPOINT WARNING * * *
You feel very sick.
The gnoll sergeant zaps a wand.
The puff of flame hits you but does no damage.
The gnoll is attracted toward you. x2
It was a potion of might.
You feel very mighty all of a sudden.
* * * LOW HITPOINT WARNING * * *
You feel sick.
The gnoll sergeant zaps a wand.
The puff of flame hits you.
You die...

.###.# #.# ###
#...##.#####. .#
#.. ..###.##
#.#.#.#g# ## ##
####
####.#.###.##.##..#
#...
#...###...........#
#...
#.##.#..##.###.#)##
#..# #.###.#§#
#.##.g## #..#
#.##..#g# #...###
#..#
#.##<##g####.....#
#. #
#......@...#.....#
#. .
###...##g..#.....#
##........§†.....#
#................#
##...........#####
##...##...###
##.###..... ###
##..#.. #.......


You could see a gnoll sergeant and 2 gnolls.

Vanquished Creatures
  Prince Ribbit (D:5)
  2 necrophages
  An ice beast (D:5)
  4 ogres
  A scorpion (D:5)
  A water moccasin zombie (D:5)
  A bullfrog skeleton (D:5)
  Crazy Yiuf (D:2)
  An iguana (D:5)
  4 orc wizards
  Robin (D:2)
  6 gnolls
  6 adders
  3 dart slugs
  8 orcs
  7 ball pythons
  6 endoplasms
  4 giant cockroaches
  18 goblins
  9 hobgoblins
  4 jackals (D:1)
  A quokka (D:1)
  7 bats
  8 frilled lizards
  8 kobolds
  A quokka skeleton (D:4)
  2 rats (D:2)
116 creatures vanquished.

Notes
Turn   | Place    | Note
-------+----------+-------------------------------------------
     0 | D:1      | cbfl8 the Minotaur Berserker began the quest for the Orb.
     0 | D:1      | Reached XP level 1. HP: 19/19 MP: 0/0
    25 | D:1      | You fall into a shaft and drop 1 floor!
    30 | D:2      | Reached skill level 4 in Axes
    30 | D:2      | Reached XP level 2. HP: 11/27 MP: 1/1
   447 | D:1      | Reached skill level 1 in Evocations
   541 | D:1      | Reached XP level 3. HP: 14/33 MP: 2/2
   933 | D:1      | Reached ** piety under Trog
  1212 | D:1      | Found a faded altar of an unknown god.
  1584 | D:1      | Reached XP level 4. HP: 25/41 MP: 3/3
  2031 | D:2      | Reached skill level 5 in Axes
  2244 | D:2      | Found a runed translucent door.
  2245 | D:2      | Noticed Crazy Yiuf
  2469 | D:2      | Reached XP level 5. HP: 41/47 MP: 4/4
  2541 | D:2      | Noticed Robin
  2547 | D:2      | Killed Robin
  2548 | D:2      | Reached skill level 5 in Fighting
  2901 | D:2      | Killed Crazy Yiuf
  3011 | D:3      | Found an ornate altar of the Wu Jian Council.
  3106 | D:3      | Noticed a necrophage
  3117 | D:3      | Killed a necrophage
  3118 | D:3      | Reached XP level 6. HP: 56/56 MP: 5/5
  3139 | D:3      | Reached *** piety under Trog
  3447 | D:3      | Reached skill level 6 in Axes
  4099 | D:4      | Reached XP level 7. HP: 17/61 MP: 6/6
  4352 | D:4      | Found a hazy altar of Hepliaklqana.
  4578 | D:4      | Reached skill level 7 in Axes
  4801 | D:5      | Entered Level 5 of the Dungeon
  4822 | D:5      | Noticed Prince Ribbit
  4867 | D:5      | Reached skill level 5 in Armour
  5086 | D:5      | Found Wedoil's Weapon Shoppe.
  5151 | D:5      | Reached skill level 8 in Axes
  5151 | D:5      | Reached XP level 8. HP: 70/70 MP: 7/7
  5232 | D:5      | Killed Prince Ribbit
  5286 | D:5      | HP: 3/71 [poisoned by a gnoll sergeant]
  5287 | D:5      | Killed from afar by a gnoll sergeant

Illustrated notes

Levels and vault maps discovered:
D:1:      erik_arrival_triangle_huge, layout_loops_ring, basic_ecumenical_altar
D:2:      layout_loops_ring, minmay_between, uniq_crazy_yiuf_cottage, uniq_robin
D:3:      layout_loops_ring, mainiacjoe_overflow_surrounded_room,
          hangedman_decor_lopped
D:4:      layout_cave_pools, worldfamousw_hep_ancestral_shrine
D:5:      layout_loops_cross, nicolae_ru_awakened_eye, serial_shops, shop, shop,
          uniq_prince_ribbit1

Skill      XL: |  1  2  3  4  5  6  7  8 |
---------------+-------------------------+-----
Axes           | 4 5 6 8 |  8.6
Fighting       | 4 5 6 |  6.4
Evocations     | 1 2 3 4 |  4.0
Armour         | 3 4 5 |  5.9
Dodging        | |  2.1

Action                   |  1- 3 |  4- 6 |  7- 9 || total
-------------------------+-------+-------+-------++-------
Melee: Hand axe          |    98 |   127 |    77 ||   302
       Headbutt          |    16 |    23 |    20 ||    59
       Punch             |       |     2 |     1 ||     3
Invok: Berserk           |       |     3 |     1 ||     4
       Trog's Hand       |       |     1 |     1 ||     2
  Use: Scroll            |     1 |     3 |     3 ||     7
       Potion            |       |       |     3 ||     3
 Stab: Sleeping          |     3 |       |       ||     3
Armor: Animal skin       |    18 |     1 |       ||    19
       Ring mail         |       |    18 |       ||    18
       Chain mail        |       |    38 |     8 ||    46
       Plate armour      |       |       |    23 ||    23
Dodge: Dodged            |    71 |    51 |    39 ||   161
